 Dungeon Crawl Stone Soup version 0.26-a0-663-g36e8fdb655 (webtiles) character file.

Game seed: 15586842630884194283

6688 halkony2012 the Severer (level 11, 30/104 HPs)
             Began as a Hill Orc Monk on Oct 11, 2020.
             Was a Priest of Beogh (penitent).
             Quit the game on level 11 of the Dungeon.
             The game lasted 00:19:21 (12131 turns).

halkony2012 the Severer (Hill Orc Monk)            Turns: 12131, Time: 00:19:21

Health: 30/104     AC: 13    Str: 18    XL:     11   Next: 3%
Magic:  11/11      EV:  6    Int: 10    God:    Beogh [*]
Gold:   466        SH:  0    Dex: 13    Spells: 10/10 levels left

rFire    . . .     SeeInvis .   I - +0 broad axe
rCold    . . .     Faith    .   (no shield)
rNeg     . . .     Spirit   .   j - +0 plate armour
rPois    +         Reflect  .   A - +0 helmet
rElec    .         Harm     .   z - +0 cloak
rCorr    .         Rampage  .   w - +0 pair of gloves
MR       .....                  (no boots)
Stlth    ..........             t - amulet of regeneration
HPRegen  0.67/turn              G - ring of poison resistance
MPRegen  0.12/turn              L - ring of stealth

@: no status effects
A: no striking features
a: Renounce Religion


You were on level 11 of the Dungeon.
You worshipped Beogh.
Beogh was demanding penance.
You visited 1 branch of the dungeon, and saw 11 of its levels.

You collected 578 gold pieces.
You spent 112 gold pieces at shops.

Inventory:

Hand Weapons
 a - a +0 hand axe
 s - a +0 war axe
 v - a +1 war axe of venom
 I - a +0 broad axe (weapon)
 J - a +2 spear of flaming
 K - a +2 vorpal spear
Armour
 b - a +0 robe
 j - a +0 plate armour (worn)
 w - a +0 pair of gloves (worn)
 z - a +0 cloak (worn)
 A - a +0 helmet (worn)
Jewellery
 t - an amulet of regeneration (around neck)
 G - a ring of poison resistance (left hand)
 L - a ring of stealth (right hand)
Wands
 o - a wand of iceblast (10)
 x - a wand of acid (34)
 B - a wand of flame (18)
 E - a wand of paralysis (8)
Scrolls
 d - 5 scrolls of amnesia {unknown}
 e - a scroll of identify
 g - 2 scrolls of enchant weapon
 k - 2 scrolls of fear
 l - 9 scrolls of remove curse
 m - 6 scrolls of teleportation
 y - 3 scrolls of fog
 C - 4 scrolls of blinking
 D - 2 scrolls of summoning {unknown}
 F - 2 scrolls of magic mapping {unknown}
Potions
 c - 2 potions of heal wounds
 f - 2 potions of invisibility
 h - 2 potions of resistance
 i - a potion of berserk rage
 n - 5 potions of might
 p - a potion of cancellation
 q - 2 potions of haste
 r - 3 potions of curing
 u - 2 potions of ambrosia
 H - a potion of lignification


   Skills:
 + Level 11.7 Fighting
 * Level 16.6 Axes
 - Level 2.4 Dodging
 - Level 1.5 Stealth


You had 10 spell levels left.
You didn't know any spells.
Your spell library contained the following spells:

 Spells                   Type           Power        Failure   Level
 Corona                   Hex            #......      100%        1
 Ensorcelled Hibernation  Hex/Ice        #.....       100%        2
 Confusing Touch          Hex            #.......     100%        3
 Dazzling Flash           Conj/Hex       #.....       100%        3
 Tukima's Dance           Hex            #.......     100%        3


Dungeon Overview and Level Annotations

Branches:
Dungeon (11/15)            Temple (0/1) D:4             Orc (0/2) D:10
   Lair: D:8-11

Altars:
Dithmenos
Elyvilon
Hepliaklqana
Kikubaaqudgha
Ru
Vehumet
Zin

Shops:
D:4 (   D:8 *   D:9 *

Annotations:
D:6 2 transporters, TigOlBitties's ghost, amateur DEAE
D:8 3 runed translucent doors, Foxy's ghost, novice DDFi


Message History

You hit the orc. The troll bites you. The troll closely misses you.
The troll claws you!
* * * LOW HITPOINT WARNING * * *
You hit the troll but do no damage.
The troll is almost dead.
You closely miss the orc. The orc hits you but does no damage.
Your orc warrior hits the troll with a +0 flail!
The troll dies!
Beogh accepts your kill.
Your orc warrior looks more experienced.
Items here: )) [ †††.
Your orc warrior barely misses the orc.
The orc hits you but does no damage.
You barely miss the orc.
The orc is moderately wounded.
You slash the orc!
You kill the orc!
Beogh accepts your kill.
Things that are here:
a +0 flail; an orc corpse Are you sure you want to abandon this character and quit the game? (Confirm with "yes".)

....## #.##....≈≈≈≈≈.
.....# ##......≈≈≈≈.≈.
....# #.........≈≈$≈.
)...# ##..........≈)..
....# ##...)...........
...o# ##....)......)....
...o###.....)).)........
...#.........).)o.......
.#...####......†@.......
..#### ##.....)........
### ##.............
##............
##...........
##.......... ##.........
#.######## ##.


You could see a friendly orc warrior.

Vanquished Creatures
  2 two-headed ogres
  Erica (D:8)
  A troll (D:10)
  A water elemental (D:11)
  Grum (D:9)
  Duvessa (D:5)
  2 black bears
  2 orc warriors
  2 sky beasts
  2 ice beasts
  2 phantoms (D:7)
  3 centaurs
  3 ogres
  2 wolves (D:9)
  6 bullfrogs
  A gnoll sergeant (D:5)
  Dowan (D:5)
  A scorpion (D:5)
  2 wights (D:11)
  A howler monkey (D:8)
  2 bullfrog zombies (D:10)
  5 hounds
  7 orc priests
  2 bullfrog skeletons
  2 jellies
  A centaur skeleton (D:4)
  6 iguanas
  4 orc wizards
  8 worker ants
  A killer bee zombie (D:7)
  A hound zombie (D:5)
  A worker ant zombie (D:10)
  7 gnolls
  14 adders
  A shadow imp (D:6)
  A white imp (D:9)
  3 ufetubi
  An ooze (D:2)
  An adder zombie (D:7)
  An adder skeleton (D:5)
  2 worms (D:2)
  3 leopard geckos
  24 orcs
  2 ball pythons (D:3)
  10 bats
  6 giant cockroaches
  6 goblins
  11 hobgoblins
  2 jackals (D:1)
  3 quokkas
  3 frilled lizards
  A jackal zombie (D:5)
  6 kobolds
  A leopard gecko zombie (D:6)
  9 rats
195 creatures vanquished.

Vanquished Creatures (collateral kills)
  A centaur zombie (D:10)
  A troll (D:11)
  An orc warrior (D:9)
  A sky beast (D:9)
  An ogre (D:10)
  3 wights (D:11)
  A bullfrog zombie (D:10)
  An orc wizard (D:10)
  An adder (D:11)
  A hobgoblin (D:9)
12 creatures vanquished.

Vanquished Creatures (others)
  An orc warrior (D:11)
  An orc wizard (D:9)
  3 orcs
5 creatures vanquished.

Grand Total: 212 creatures vanquished

Notes
Turn   | Place    | Note
-------+----------+-------------------------------------------
     0 | D:1      | halkony2012 the Hill Orc Monk began the quest for the Orb.
     0 | D:1      | Reached XP level 1. HP: 19/19 MP: 1/1
   227 | D:1      | Reached XP level 2. HP: 26/27 MP: 2/2
   734 | D:1      | Reached skill level 5 in Axes
   857 | D:1      | Reached XP level 3. HP: 29/33 MP: 3/3
  1802 | D:2      | Reached XP level 4. HP: 31/41 MP: 4/4
  2056 | D:3      | Reached skill level 6 in Axes
  3196 | D:4      | Found Xamacuosae's Weapon Emporium.
  3211 | D:4      | Reached XP level 5. HP: 31/47 MP: 5/5
  3371 | D:4      | Reached skill level 5 in Fighting
  3433 | D:4      | Became a worshipper of Beogh the Brigand
  3433 | D:4      | Reached * piety under Beogh
  3433 | D:4      | Reached ** piety under Beogh
  3460 | D:4      | Reached skill level 7 in Axes
  3547 | D:4      | Reached XP level 6. HP: 56/56 MP: 2/6
  3843 | D:4      | Found a staircase to the Ecumenical Temple.
  3849 | D:4      | Reached skill level 8 in Axes
  4235 | D:4      | Reached XP level 7. HP: 62/63 MP: 7/7
  4430 | D:5      | Entered Level 5 of the Dungeon
  4871 | D:5      | Noticed Duvessa
  4871 | D:5      | Noticed Dowan
  4875 | D:5      | Killed Dowan
  4875 | D:5      | Reached skill level 9 in Axes
  4886 | D:5      | Killed Duvessa
  5424 | D:5      | Reached skill level 10 in Axes
  5424 | D:5      | Reached XP level 8. HP: 60/73 MP: 8/8
  5989 | D:6      | Reached skill level 11 in Axes
  6713 | D:6      | Reached *** piety under Beogh
  7059 | D:6      | Found a transporter.
  7061 | D:6      | Noticed TigOlBitties's ghost (amateur DEAE)
  7062 | D:6      | Found a transporter.
  7065 | D:6      | Identified the +5 great mace of Entrepreneurial Spirit
                  | {speed, rC+ rN++ Int-3 Dex+4}
  7263 | D:6      | Found a radiant altar of Vehumet.
  7264 | D:6      | Found a glowing silver altar of Zin.
  7265 | D:6      | Found a hazy altar of Hepliaklqana.
  7300 | D:6      | Reached skill level 12 in Axes
  7511 | D:7      | Reached XP level 9. HP: 61/82 MP: 9/9
  7969 | D:7      | Found an ancient bone altar of Kikubaaqudgha.
  8197 | D:7      | Found a shadowy altar of Dithmenos.
  8264 | D:7      | Reached skill level 13 in Axes
  8350 | D:7      | Found a white marble altar of Elyvilon.
  8510 | D:8      | Noticed a two-headed ogre
  8571 | D:7      | Killed a two-headed ogre
  8987 | D:8      | Found a shadowy altar of Dithmenos.
  9029 | D:8      | Noticed a two-headed ogre
  9050 | D:8      | Killed a two-headed ogre
  9050 | D:8      | Reached skill level 10 in Fighting
  9050 | D:8      | Reached skill level 14 in Axes
  9050 | D:8      | Reached XP level 10. HP: 66/93 MP: 8/10
  9390 | D:8      | Found a runed translucent gate.
  9390 | D:8      | Found a runed translucent gate.
  9390 | D:8      | Found a runed translucent gate.
  9390 | D:8      | Noticed Foxy's ghost (novice DDFi)
  9391 | D:8      | Found the +7 captain's cutlass {speed, disarm}
  9881 | D:8      | Noticed Erica
  9891 | D:8      | Killed Erica
  9891 | D:8      | Reached skill level 15 in Axes
 10128 | D:9      | Found Ynu Taot's General Store.
 10131 | D:9      | Bought a scroll of blinking for 112 gold pieces
 10162 | D:9      | Noticed Grum
 10178 | D:9      | Killed Grum
 10313 | D:9      | Found a sacrificial altar of Ru.
 11265 | D:10     | Entered Level 10 of the Dungeon
 11418 | D:10     | Gained Nordag as an ally
 11418 | D:10     | Reached skill level 16 in Axes
 11742 | D:10     | Found a staircase to the Orcish Mines.
 12106 | D:11     | Reached **** piety under Beogh
 12108 | D:11     | Was placed under penance by Beogh
 12122 | D:11     | Reached XP level 11. HP: 45/104 MP: 11/11
 12131 | D:11     | Quit the game

Illustrated notes

Levels and vault maps discovered:
D:1:      tarquinn_simple_flora_water_f, layout_basic, serial_bayou_ford_a,
          hangedman_abyss_or_decor_stabs, minmay_crystal_room
D:2:      layout_loops_ring
D:3:      layout_basic
D:4:      layout_loops_ring, minmay_temple_entry_slanted, serial_shops,
          nicolae_shop_temple_entry_statues_fountains
D:5:      layout_loops_ring, uniq_duvessa
D:6:      layout_basic, gammafunk_temple_overflow_forgotten,
          gammafunk_ghost_smash
D:7:      cheibrodos_helix_gallery, layout_loops_ring,
          overflow_temple_1_default, lemuel_doored_altar,
          grunt_dithmenos_shadows
D:8:      layout_basic, basic_altar, gammafunk_ghost_necromancy, uniq_erica
D:9:      layout_loops_ring, nicolae_ru_great_annihilating_truth, serial_shops,
          shop, uniq_grum
D:10:     layout_long_grid, orc_0_dummy
D:11:     layout_cave_pods, erik_lair_island

Skill      XL: |  1  2  3  4  5  6  7  8  9 10 |
---------------+-------------------------------+-----
Fighting       | 4 5 6 7 8 10 11 | 11.7
Axes           | 5 6 7 8 10 12 14 16 | 16.6
Dodging        | |  2.4
Stealth        | |  1.5

Action                   |  1- 3 |  4- 6 |  7- 9 | 10-12 || total
-------------------------+-------+-------+-------+-------++-------
Melee: Hand axe          |   163 |   120 |       |       ||   283
       War axe           |       |    52 |   291 |    76 ||   419
       Broad axe         |       |       |       |    92 ||    92
Invok: Smiting           |       |     1 |     4 |       ||     5
       Convert to Beogh  |       |     1 |       |       ||     1
  Use: Scroll            |       |       |     8 |     8 ||    16
 Stab: Sleeping          |     1 |       |       |       ||     1
       Distracted        |       |       |       |     2 ||     2
Armor: Robe              |    11 |       |       |       ||    11
       Plate armour      |    49 |   101 |   178 |    90 ||   418
Dodge: Dodged            |    75 |    39 |    62 |    36 ||   212

Table legend: (Time is in decaauts)
 A = Elapsed time spent in this place.
 B = Non-inter-level travel time spent in this place.
 C = Inter-level travel time spent in this place.
 D = Time resting spent in this place.
 E = Time spent auto-exploring this place.
 F = Levels seen in this place.
 G = Mean time per level.
                   A        B        C        D        E       F      G
               +--------+--------+--------+--------+--------+-----+--------+
         Total |  12113 |  11476 |    637 |   1157 |   8162 |  11 | 1101.2 |
       Dungeon |  12113 |  11476 |    637 |   1157 |   8162 |  11 | 1101.2 |
               +--------+--------+--------+--------+--------+-----+--------+

Top non-repeatable levels by time:
     D:6: 1626 daAuts
     D:4: 1539 daAuts
     D:7: 1425 daAuts
     D:5: 1373 daAuts
     D:8: 1302 daAuts
     D:3: 1260 daAuts
     D:1: 1114 daAuts
     D:2: 831 daAuts
     D:9: 793 daAuts
    D:10: 733 daAuts
    D:11: 113 daAuts
